 Dungeon Crawl Stone Soup version 0.20.0-15-g7f486f2 (webtiles) character file.

267 Chiseanne the Magician (level 6, 41/41 HPs)
             Began as a Demonspawn Wizard on June 15, 2017.
             Was an Initiate of Vehumet.
             Quit the game on level 3 of the Dungeon.
             The game lasted 00:05:57 (3674 turns).

Chiseanne the Magician (Demonspawn Wizard)          Turns: 3674, Time: 00:05:58

Health: 41/41      AC:  6    Str:  8    XL:     6   Next: 0%
Magic:  1/13       EV: 11    Int: 21    God:    Vehumet [......]
Gold:   135        SH:  0    Dex: 11    Spells: 5/14 levels left

rFire    . . .     SeeInvis .   s - +0 blowgun
rCold    + . .     Gourm    .   (no shield)
rNeg     . . .     Faith    .   i - +0 leather armour
rPois    .         Spirit   .   b - +1 hat
rElec    .         Reflect  .   (no cloak)
rCorr    .         Harm     .   (no gloves)
MR       .....                  (no boots)
Stlth    +.........             (no amulet)
Regen    0.2/turn               (no ring)
MPRegen  0.2/turn               (no ring)

@: very slightly contaminated
A: talons 1, icy blue scales 1, cold resistance 1
a: Renounce Religion


You were on level 3 of the Dungeon.
You worshipped Vehumet.
Vehumet was noncommittal.
You were not hungry.

You visited 1 branch of the dungeon, and saw 3 of its levels.

You collected 135 gold pieces.

Inventory:

Hand Weapons
 l - a +0 hand axe
 s - a +0 blowgun (weapon)
Missiles
 a - 100 stones
 e - 22 poisoned needles
 h - 7 needles of sleeping
 j - 87 arrows
 m - 5 javelins
 o - 4 curare-tipped needles (quivered)
 p - 3 needles of frenzy
Armour
 b - a +1 hat (worn)
 i - a +0 leather armour (worn)
Jewellery
 r - an uncursed ring of flight {unknown}
Scrolls
 c - 2 scrolls of enchant armour
 k - a scroll of immolation {unknown}
 q - a scroll of random uselessness {unknown}
 v - a scroll of teleportation {unknown}
Potions
 f - a potion of mutation {unknown}
 g - a potion of brilliance {unknown}
 n - a potion of haste {unknown}
 t - a potion of curing {unknown}
Comestibles
 d - a bread ration
 u - a meat ration
 w - 3 chunks of flesh


   Skills:
 - Level 1.7 Dodging
 - Level 1.7 Stealth
 * Level 4.9 Spellcasting
 * Level 4.2 Conjurations
   Level 1.0 Summonings
 - Level 0.8 Translocations


You had 5 spell levels left.
You knew the following spells:

 Your Spells              Type           Power        Failure   Level  Hunger
a - Magic Dart            Conj           ###.         2%          1    None
b - Blink                 Tloc           N/A          17%         2    None
c - Conjure Flame         Conj/Fire      ##......     21%         3    ##.....
d - Mephitic Cloud        Conj/Pois/Air  ##......     26%         3    ##.....


Dungeon Overview and Level Annotations

Branches:
Dungeon (3/15)

Altars:
Makhleb
Vehumet

Annotations:
D:2 Terence


Innate Abilities, Weirdness & Mutations

You have sharp toenails.
You are partially covered in icy blue scales. (AC +2)
Your flesh is cold resistant. (rC+)


Message History

Confirm with . or Enter, or press ? or * to list all spells.
Aiming: Magic Dart
Press: ? - help, Shift-Dir - straight line, f/p - ogre
Aim: an ogre, wielding a giant spiked club (severely wounded, slow, poisoned)
The magic dart hits the ogre.
The ogre is severely wounded.
Firing (i - inventory. (,) - cycle):
o - 5 curare-tipped needles (quivered)
Press: ? - help, Shift-Dir - straight line, f/p - ogre
Aim: an ogre, wielding a giant spiked club (almost dead, slow, poisoned)
You shoot a curare-tipped needle. The curare-tipped needle hits the ogre.
The ogre looks as sick as possible!
The ogre convulses.
You kill the ogre!
Vehumet accepts your kill.
Your Conjurations skill increases to level 4!
You have reached level 6!
Your experience leads to an increase in your attributes!
Increase (S)trength, (I)ntelligence, or (D)exterity?
You feel clever.
Your demonic ancestry asserts itself...
Your toenails lengthen and sharpen.
Are you sure you want to abandon this character and quit the game? (Confirm with "yes".)

#.##.##...........#
#.##.##..#......#.####
#.##..................
#.#####..#......#.####
#.#####..#......#.#
.####...............#.#
#........#######......#
#.#######.#### ##...###
#..(.@..# #..>#
#.##.##.# #...# .
#.##.##.# .. #(##..#.#
... #.###.#.#####...
....###.###...........
......................
....##................
.. #.(...#.######...


There were no monsters in sight!

Vanquished Creatures
  An ogre (D:3)
  A bullfrog (D:3)
  2 adders
  An ooze (D:1)
  4 worms
  4 dart slugs
  4 leopard geckos
  2 giant cockroaches (D:1)
  7 goblins
  5 hobgoblins
  3 jackals
  12 kobolds
  A quokka (D:3)
  2 ball pythons
  8 bats
  5 frilled lizards
  10 rats
72 creatures vanquished.

Notes
Turn   | Place    | Note
-------+----------+-------------------------------------------
     0 | D:1      | Chiseanne the Demonspawn Wizard began the quest for the Orb.
     0 | D:1      | Reached XP level 1. HP: 13/13 MP: 4/4
   246 | D:1      | Gained mutation: Your flesh is cold resistant. (rC+) [demonic ancestry]
   246 | D:1      | Reached XP level 2. HP: 14/19 MP: 0/6
  1083 | D:1      | Reached XP level 3. HP: 15/24 MP: 1/7
  1240 | D:1      | Learned a level 2 spell: Blink
  1244 | D:1      | Learned a level 3 spell: Conjure Flame
  1248 | D:1      | Learned a level 3 spell: Mephitic Cloud
  2124 | D:2      | Reached XP level 4. HP: 30/30 MP: 4/9
  2137 | D:2      | Found a burning altar of Makhleb.
  2224 | D:2      | Found a radiant altar of Vehumet.
  2233 | D:2      | Became a worshipper of Vehumet
  2235 | D:2      | Noticed Terence
  2311 | D:3      | Noticed a bullfrog
  3196 | D:3      | Killed a bullfrog
  3196 | D:3      | Gained mutation: You are partially covered in icy blue scales. (AC +2) [demonic ancestry]
  3196 | D:3      | Reached XP level 5. HP: 26/35 MP: 2/11
  3641 | D:3      | Noticed an ogre
  3673 | D:3      | Killed an ogre
  3673 | D:3      | Gained mutation: You have sharp toenails. [demonic ancestry]
  3673 | D:3      | Reached XP level 6. HP: 41/41 MP: 0/13
  3674 | D:3      | Quit the game

Skill      XL: |  1  2  3  4  5 |
---------------+----------------+-----
Conjurations   | 2 3 4 |  4.2
Spellcasting   | 4 |  4.9
Dodging        | |  1.7
Stealth        | |  1.7
Summonings     | |  1.0
Translocations | |  0.8

Action                   |  1- 3 |  4- 6 || total
-------------------------+-------+-------++-------
Melee: Unarmed           |    29 |       ||    29
       Hand axe          |    16 |    16 ||    32
 Fire: Blowgun           |       |     6 ||     6
 Cast: Magic Dart        |    99 |    77 ||   176
       Conjure Flame     |       |     4 ||     4
       Mephitic Cloud    |       |     1 ||     1
  Use: Scroll            |       |     2 ||     2
  Eat: Chunk             |     4 |     5 ||     9
Armor: Leather armour    |    22 |     4 ||    26
Dodge: Dodged            |    63 |    15 ||    78
